 Dungeon Crawl Stone Soup version 0.29-a0-617-g7a6b98fccd (webtiles) character file.

Game seed: 353621912183908415

174 jifgo the Conjurer (level 5, -2/41 HPs)
             Began as a Demigod Conjurer on June 18, 2022.
             Slain by an orc
             ... wielding a +0 short sword
              (5 damage)
             ... on level 3 of the Dungeon.
             The game lasted 00:03:04 (2689 turns).

jifgo the Conjurer (Demigod Conjurer)               Turns: 2689, Time: 00:03:05

Health: -2/41      AC:  2    Str:  8    XL:     5   Next: 7%
Magic:  1/12       EV: 12    Int: 24    God:
Gold:   108        SH:  0    Dex: 12    Spells: 4/10 levels left

rFire   . . .      SeeInvis .   c - +0 whip
rCold   . . .      Faith    .   (no shield)
rNeg    . . .      Spirit   .   a - +0 robe
rPois   .          Reflect  .   (no helmet)
rElec   .          Harm     .   (no cloak)
rCorr   .          Rampage  .   (no gloves)
Will    .....                   (no boots)
Stlth   ++........              (no amulet)
HPRegen 0.13/turn               (no ring)
MPRegen 0.13/turn               (no ring)

@: no status effects
A: high MP 1, forlorn, divine attributes
a: no special abilities


You were on level 3 of the Dungeon.
You visited 1 branch of the dungeon, and saw 3 of its levels.

You collected 108 gold pieces.

Inventory:

Hand Weapons
 c - a +0 whip (weapon)
Missiles
 i - a throwing net
 o - 4 poisoned darts
Armour
 a - a +0 robe (worn)
 m - a +0 leather armour
Jewellery
 f - a ring of fire
 j - a ring of fire
 n - an amulet of magic regeneration
Scrolls
 d - 5 scrolls of identify {unknown}
 g - a scroll of blinking {unknown}
 h - a scroll of immolation {unknown}
 l - a scroll of teleportation {unknown}
Potions
 b - a potion of magic
 e - 2 potions of mutation {unknown}
 k - a potion of curing {unknown}


   Skills:
 + Level 2.2 Fighting
 - Level 2.0 Dodging
 - Level 2.0 Stealth
 + Level 3.0 Spellcasting
 + Level 4.5 Conjurations


You had 4 spell levels left.
You knew the following spells:

 Your Spells              Type           Power      Damage    Failure   Level
a - Searing Ray           Conj           50%        2d6       2%          2
g - Mephitic Cloud        Conj/Pois/Air  10%        N/A       17%         3
x - Magic Dart            Conj           100%       1d8       1%          1

Your spell library contained the following spells:

 Spells                   Type           Power      Damage    Failure   Level
 Dazzling Flash           Conj/Hex       28%        N/A       13%         3
 Call Imp                 Summ           3%         N/A       16%         2
 Ensorcelled Hibernation  Hex/Ice        6%         N/A       16%         2
 Passwall                 Tmut/Erth      2%         N/A       16%         2
 Ozocubu's Armour         Ice            3%         N/A       32%         3
 Swiftness                Air            3%         N/A       32%         3
 Fulminant Prism          Conj/Hex       7%         3d7       38%         4
 Iskenderun's Mystic Bla  Conj/Tloc      14%        2d5       38%         4
 Ozocubu's Refrigeration  Ice            1%         4d5       100%        7


Dungeon Overview and Level Annotations

Branches:
Dungeon (3/15)


Innate Abilities, Weirdness & Mutations

You have an increased reservoir of magic. (+10% MP)
You shall have no god before yourself.
Your divine heritage dramatically boosts your attributes as you level up.


Message History

Aiming: Magic Dart (safe; 1% risk of failure)
Press: ? - help, Shift-Dir - straight line, f/p - orc priest
Aim: an orc priest, wielding a +0 club (moderately wounded, 100% to hit)
The magic dart hits the orc priest.
The orc priest is severely wounded.
The orc priest invokes the aid of Beogh against you.
Beogh smites you!
Casting: Magic Dart (safe; 1% risk of failure)
Confirm with . or Enter, or press ? or * to list all spells.
Aiming: Magic Dart (safe; 1% risk of failure)
Press: ? - help, Shift-Dir - straight line, f/p - orc priest
Aim: an orc priest, wielding a +0 club (severely wounded, 100% to hit)
The magic dart hits the orc priest.
You kill the orc priest!
Your Spellcasting skill increases to level 3!
You have reached level 5!
Your magical contamination has completely faded away.
The orc attacks as you move away! The orc hits you with a +0 short sword.
* * * LOW HITPOINT WARNING * * *
Unknown command.
The orc priest mumbles some strange prayers to Beogh against you.
Pain shoots through your body!
* * * LOW HITPOINT WARNING * * *
The orc hits you with a +0 short sword.
* * * LOW HITPOINT WARNING * * *
Unknown command.
Unknown command.
Unknown command.
Casting: Magic Dart (safe; 1% risk of failure)
Confirm with . or Enter, or press ? or * to list all spells.
Aiming: Searing Ray (safe; 2% risk of failure)
Press: ? - help, Shift-Dir - straight line, f - orc priest
Aim: an orc priest, wielding a +0 dagger and wearing a +0 ring mail (82% to hit)
The searing ray hits the orc.
The orc is lightly wounded.
The searing ray hits the orc priest.
The orc priest is moderately wounded. (Press . to maintain the ray.)
The orc hits you with a +0 short sword.
You die...

≈?≈.§§§§# #......#
≈.≈.≈.§§## #......#
!....._..########.##.#
≈.≈.≈....##.....#..#.#
≈§≈.§≈§..##.....##.#.#
≈.§...≈..##.....##...#
≈§≈≈≈.≈.........###..#
......)..##....o###..#
....##...#####.#@...>#
...: ##### #.#.#####
... #.#.# ## #...#
###.# ###


You could see an orc.

Vanquished Creatures
  A phantom (D:2)
  An orc priest (D:3)
  An adder (D:3)
  3 worms (D:2)
  A dart slug (D:1)
  An orc (D:3)
  4 ball pythons
  5 bats
  6 endoplasms
  4 giant cockroaches
  A goblin (D:3)
  7 hobgoblins
  A kobold (D:2)
  3 quokkas
  4 frilled lizards
  4 rats
47 creatures vanquished.

Notes
Turn   | Place    | Note
-------+----------+-------------------------------------------
     0 | D:1      | jifgo the Demigod Conjurer began the quest for the Orb.
     0 | D:1      | Reached XP level 1. HP: 14/14 MP: 5/5
   319 | D:1      | Reached XP level 2. HP: 20/20 MP: 4/7
  1507 | D:2      | Learned a level 2 spell: Searing Ray
  1523 | D:2      | Reached skill level 1 in Fighting
  1523 | D:2      | Reached XP level 3. HP: 28/28 MP: 4/8
  1745 | D:2      | Reached skill level 4 in Conjurations
  2301 | D:3      | Learned a level 3 spell: Mephitic Cloud
  2343 | D:3      | Noticed a phantom
  2372 | D:2      | Killed a phantom
  2373 | D:2      | Reached XP level 4. HP: 25/36 MP: 1/11
  2682 | D:3      | Reached XP level 5. HP: 24/41 MP: 2/12
  2689 | D:3      | Slain by an orc

Illustrated notes

Levels and vault maps discovered:
D:1:      evilmike_arrival_plus, layout_loops_corners,
          chequers_serial_rivers_micro_a
D:2:      layout_loops_ring, hellmonk_ecumenical_altar_crossroads,
          minmay_misc_feat_four_crosses, hangedman_decor_peaks_small
D:3:      layout_basic, mainiacjoe_overflow_large_starburst,
          eat_drink_and_be_merry_uskayaw, zin_angel, serial_shops,
          nicolae_shop_overgrown_old_shop

Skill      XL: |  1  2  3  4 |
---------------+-------------+-----
Dodging        | 2 |  2.0
Stealth        | 2 |  2.0
Spellcasting   | 2 3 |  3.0
Fighting       | 1 2 |  2.2
Conjurations   | 4 |  4.5

Action                   |  1- 3 |  4- 6 || total
-------------------------+-------+-------++-------
Melee: Whip              |    19 |       ||    19
 Cast: Magic Dart        |    97 |    22 ||   119
       Searing Ray       |     2 |     1 ||     3
Armor: Robe              |     7 |       ||     7
Dodge: Dodged            |    33 |     2 ||    35

Table legend: (Time is in decaauts)
 A = Elapsed time spent in this place.
 B = Non-inter-level travel time spent in this place.
 C = Inter-level travel time spent in this place.
 D = Time resting spent in this place.
 E = Time spent auto-exploring this place.
 F = Levels seen in this place.
 G = Mean time per level.
                   A        B        C        D        E       F      G
               +--------+--------+--------+--------+--------+-----+--------+
         Total |   2692 |   2650 |     42 |    498 |   1828 |   3 |  897.3 |
       Dungeon |   2692 |   2650 |     42 |    498 |   1828 |   3 |  897.3 |
               +--------+--------+--------+--------+--------+-----+--------+

Top non-repeatable levels by time:
     D:1: 1332 daAuts
     D:2: 1073 daAuts
     D:3: 287 daAuts
